 Dungeon Sprint DCSS version bcrawl-1.36 (webtiles) character file.

Game seed: 15348928639803742779

173706244 Baz the Archmage (level 24, 171/204 HPs)
             Began as a Fairy Air Elementalist on Apr 1, 2022.
             Was the Champion of Vehumet.
             Escaped with the Orb
             ... and 17 runes!
             The game lasted 01:07:52 (12235 turns).

Baz the Archmage (Fairy Air Elementalist)          Turns: 12235, Time: 01:07:52

Health: 171/204    AC: 19    Str:  1    XL:     24   Next: 73%
Magic:  56/56      EV: 32    Int: 41    God:    Vehumet [******]
Gold:   1052       SH: 11    Dex: 11    Spells: 5/77 levels left

rFire    + + .     SeeInvis +   Z - +5 demon whip "Weroteiw" {elec, rF+ Int+7}
rCold    + + +     Gourm    .   (shield restricted)
rNeg     . . .     Faith    .   (armour unavailable)
rPois    +         Spirit   .   C - +2 helmet {Int+3}
rElec    +         Reflect  .   r - +0 cloak
rCorr    .         NoTele   +   I - +1 pair of gloves
MR       +....                  q - +1 pair of boots
Stlth    +++.......             X - amulet "Puzuoh" {RegenMP rF+}
HPRegen  0.44/turn              T - ring of Sogroz {rElec rPois rC+ Slay+3}
MPRegen  0.60/turn              U - ring of Omuaf {rC+++ MR- Str-5 SInv}

@: flying evasively, studying Short Blades, deflect missiles
A: small, magic attunement, unstealthy, unfitting armour, blurry vision 1,
clumsy 1, able to fly, AC/SH +11
0: Orb of Zot
}: 17/17 runes: decaying, serpentine, barnacled, slimy, elven, silver, golden,
iron, obsidian, icy, bone, abyssal, glowing, magical, fiery, dark, gossamer
a: Stop Flying, Renounce Religion


You escaped.
You worshipped Vehumet.
Vehumet was exalted by your worship.
You were hungry.

You visited 1 branch You collected 1937 gold pieces.
You spent 885 gold pieces at shops.

Inventory:

Hand Weapons
 g - the +7 sceptre of Asmodeus
   (You took it off Asmodeus in the Dungeon)
 n - the +3 war axe "Weofa" {antimagic, rPois rN+ MR+ Int+3}
   (You found it in the Dungeon)

   It reduces the magical energy of the wielder, and disrupts the spells and
   magical abilities of those hit.
   Natural abilities and divine invocations are not affected.
   It affects your intelligence (+3).
   It protects you from poison.
   It protects you from negative energy.
   It affects your resistance to hostile enchantments.
 o - the +2 rapier "Mirchighi" {vamp, Str+6 Int-3}
   (You found it in the Dungeon)

   It inflicts no extra harm, but heals its wielder when it wounds a living foe.
   It affects your strength (+6).
   It affects your intelligence (-3).
 F - the +8 trident "Womiloj" {pierce, +Inv MR+++ Str-5 Int+5}
   (You found it in the Dungeon)

   It will always inflict at least some extra damage.
   This minimum extra damage increases with your current reserve of magical
   power.
   It affects your strength (-5).
   It affects your intelligence (+5).
   It affects your resistance to hostile enchantments.
   It lets you turn invisible.
 S - the +5 morningstar of the End {crush, Dex+4}
   (You took it off a vault sentinel in the Dungeon)

   It will always inflict at least some extra damage.
   This minimum extra damage increases with your current reserve of magical
   power.
   It affects your dexterity (+4).
 Y - the +5 demon whip "Wablyor" {elec, MP+9}
   (You found it in the Dungeon)

   Occasionally, upon striking a foe, it will discharge some electrical energy
   and cause terrible harm.
   It affects your magic capacity (+9).
 Z - the +5 demon whip "Weroteiw" (weapon) {elec, rF+ Int+7}
   (You found it in the Dungeon)

   Occasionally, upon striking a foe, it will discharge some electrical energy
   and cause terrible harm.
   It affects your intelligence (+7).
   It protects you from fire.
Missiles
 A - a throwing net {=f}
Armour
 q - a +1 pair of boots (worn)
 r - a +0 cloak (worn)
 C - a +2 helmet of intelligence (worn)
 I - a +1 pair of gloves (worn)
Magical Staves
 p - an uncursed staff of power
Jewellery
 a - an uncursed ring of see invisible
 s - a +3 ring of dexterity
 t - a +2 ring of evasion
 y - an uncursed ring of ice
 B - an uncursed ring of protection from magic
 D - an uncursed ring of protection from fire
 E - an uncursed ring of poison resistance
 G - a +4 ring of protection
 J - an uncursed amulet of guardian spirit
 K - a +4 ring of protection
 T - the ring of Sogroz (left hand) {rElec rPois rC+ Slay+3}
   (You found it in the Dungeon)

   [ring of slaying]

   It affects your accuracy and damage with ranged weapons and melee attacks
   (+3).
   It protects you from cold.
   It insulates you from electricity.
   It protects you from poison.
 U - the ring of Omuaf (right hand) {rC+++ MR- Str-5 SInv}
   (You found it in the Dungeon)

   [ring of see invisible]

   It affects your strength (-5).
   It renders you almost immune to cold.
   It affects your resistance to hostile enchantments.
   It lets you see invisible.
 V - the amulet "Jiubu" {Gourm +Fly Dex+2}
   (You found it in the Dungeon)

   [amulet of the gourmand]

   It allows you to eat raw meat even when not hungry.
   It affects your dexterity (+2).
   It lets you fly.
 W - the amulet "Lixefukh" {Gourm rF- Str+4 Int+5 Slay+2}
   (You found it in the Dungeon)

   [amulet of the gourmand]

   It allows you to eat raw meat even when not hungry.
   It affects your strength (+4).
   It affects your intelligence (+5).
   It affects your accuracy and damage with ranged weapons and melee attacks
   (+2).
   It makes you vulnerable to fire.
 X - the amulet "Puzuoh" (around neck) {RegenMP rF+}
   (You found it in the Dungeon)

   [amulet of magic regeneration]

   It increases your magic regeneration.
   It protects you from fire.
Wands
 l - a wand of scattershot (5)
 m - a wand of iceblast (16)
Scrolls
 i - 4 scrolls of identify
 k - 5 scrolls of remove curse
 v - 6 scrolls of blinking
 w - 3 scrolls of fear
 x - a scroll of fog
 z - 8 scrolls of enchant weapon
 H - 4 scrolls of enchant armour
 P - a scroll of torment
Potions
 b - 2 potions of flight
 c - a potion of invisibility
 d - 9 potions of heal wounds
 f - 8 potions of haste
 h - 4 potions of berserk rage
 j - 5 potions of curing
 u - 3 potions of might
 L - 2 potions of agility
 M - 3 potions of mutation
 N - a potion of brilliance
 O - a potion of ambrosia
 Q - a potion of cancellation
Miscellaneous
 R - a phantom mirror
Comestibles
 e - 6 rations {!d}


   Skills:
 O Level 27 Fighting
 + Level 18.5 Maces & Flails
 - Level 12.1 Throwing
 O Level 27 Dodging
 O Level 27 Stealth
 O Level 27 Unarmed Combat
 O Level 27 Spellcasting
 O Level 27 Conjurations
 O Level 27 Hexes
 O Level 27 Charms
 O Level 27 Fire Magic
 O Level 27 Ice Magic
 O Level 27 Air Magic
 O Level 27 Evocations


You had 5 spell levels left.
You knew the following spells:

 Your Spells              Type           Power        Failure   Level  Hunger
a - Shock                 Conj/Air       #####        0%          1    None
b - Swiftness             Chrm/Air       ########     0%          2    None
c - Static Discharge      Air            ########     0%          3    None
d - Freezing Cloud        Ice/Air        ########..   0%          6    None
e - Lightning Bolt        Conj/Air       ########..   0%          5    None
f - Freeze                Ice            ######       0%          1    None
g - Sticky Flame          Conj/Fire      ########     0%          4    None
h - Glaciate              Conj/Ice/Air   ########..   1%          8    None
i - Conjure Ball Lightni  Conj/Air       ########..   0%          6    None
j - Bolt of Cold          Conj/Ice       ########..   0%          6    None
k - Mana Rupture          Conj/Hex       ########..   0%          7    None
l - Chain Lightning       Conj/Air       ########..   1%          8    None
m - Fire Storm            Conj/Fire      ########..   1%          9    None
n - Deflect Missiles      Chrm/Air       ########..   0%          6    None

Your spell library contained the following spells:

 Spells                   Type           Power        Failure   Level  Hunger
 Magic Dart               Conj           ####         0%          1    None
 Ensorcelled Hibernation  Hex/Ice        ######       0%          2    None
 Searing Ray              Conj           ########     0%          2    None
 Iskenderun's Mystic Bla  Conj           ########     0%          3    None
 Airstrike                Air            ########..   0%          4    None
 Fulminant Prism          Conj/Hex       ########..   0%          4    None
 Silence                  Hex/Air        ########..   0%          5    None
 Irradiate                Conj/Tmut      ########..   1%          5    None
 Summon Lightning Spire   Summ/Air       ########     1%          5    None
 Darkness                 Hex            ########..   0%          6    None
 Infestation              Hex/Tmut/Pois  #######..    1%          6    None
 Tornado                  Tloc/Air       ########..   2%          8    None
 Time Stop                Chrm/Tloc      N/A          8%          8    None
 Borgnjor's Vile Clutch   Necr/Erth      ######....   41%         6    None
 Shadow Creatures         Summ           N/A          94%         7    None


Dungeon Overview and Level Annotations

Branches:
Dungeon (1/1)

Altars:
Cheibriados
Dithmenos
Elyvilon
Fedhas
Gozag
Hepliaklqana
Kikubaaqudgha
Lugonu
Makhleb
Nemelex Xobeh
Okawaru
Qazlal
Ru
Sif Muna
Trog
Uskayaw
Vehumet
Wu Jian
Xom
Yredelemnul
Zin
The Shining One
Beogh
Jiyva

Shops:
D %:%[


Innate Abilities, Weirdness & Mutations

Your spells do not cause hunger and MP costs are reduced by 1.
Your bright wings attract enemies. (Stealth-)
You cannot fit into any form of body armour.
Your shimmering scales are hard and can block incoming attacks. (AC +11, SH +11)
You are small and have problems with some larger weapons.
You can fly continuously.
Scrolls take you a little longer to read.
You are clumsy. (Dex -2)


Message History

There is an ancient bone altar of Kikubaaqudgha here.
There is a hazy altar of Hepliaklqana here.
There is an opulent altar of Gozag here.
There is a blossoming altar of Fedhas here.
There is a white marble altar of Elyvilon here.
There is a shadowy altar of Dithmenos here.
There is a snail-covered altar of Cheibriados here.
There is a roughly hewn altar of Beogh here.
There is an open door to the Temple here.
Things that are here:
a +0 dagger; 54 poisoned tomahawks; a +0 leather armour
There is an open door here.
Things that are here:
a +1 shortbow of flaming; 225 arrows
Things that are here:
a +0 dagger x2
There is an open door to the Dungeon here.
There is a staircase leading out of the dungeon here.
You can't go down here!
You have escaped!

())'.......).....▓
▓▓▓▓▓▓▓▓▓▓▓▓▓▓▓▓.▓
.................▓
▓▓▓▓▓▓▓▓▓▓▓▓▓▓▓▓▓▓
.[[......'.......▓
▓▓▓▓▓▓▓▓▓▓▓▓▓▓▓▓.▓
.................▓
▓▓▓▓▓▓▓▓▓▓▓▓▓▓▓▓▓▓
'...).)....)'...@▓
▓▓▓▓▓▓▓▓▓▓▓▓▓▓▓▓▓▓


There were no monsters in sight!

Vanquished Creatures
  Asmodeus (D)
  Cerebov (D)
  Dispater (D)
  Antaeus (D)
  the Royal Jelly (D)
  Ereshkigal (D)
  Lom Lobon (D)
  Gloorx Vloq (D)
  Mnoleg (D)
  5 orbs of fire (D)
  Mennas (D)
  Mara (D)
  3 ancient liches (D)
  Xtahua (D)
  Sojobo (D)
  7 greater mummies (D)
  Boris (D)
  2 golden dragons (D)
  A Killer Klown (D)
  A curse toe (D)
  Frederick (D)
  Saint Roka (D)
  Geryon (D)
  2 pandemonium lords (D)
  2 rockslimes (D)
  2 bone dragons (D)
  5 electric golems (D)
  Nikola (D)
  A Brimstone Fiend (D)
  Frances (D)
  7 tentacled monstrosities (D)
  32 Orb Guardians (D)
  An Ice Fiend (D)
  A Hell Sentinel (D)
  4 liches (D)
  3 quicksilver dragons (D)
  A titan (D)
  3 Executioners (D)
  A deep elf blademaster (D)
  A deep elf master archer (D)
  3 death cobs (D)
  11 acid blobs (D)
  13 sphinxes (D)
  2 tengu reavers (D)
  A thorn hunter (D)
  Agnes (D)
  7 nagarajas (D)
  7 shadow dragons (D)
  4 storm dragons (D)
  A draconian monk (D)
  2 draconian knights (D)
  Ilsuiw (D)
  4 fire giants (D)
  A daeva (D)
  2 frost giants (D)
  5 azure jellies (D)
  5 emperor scorpions (D)
  4 ghost moths (D)
  A vault warden (D)
  An orc warlord (D)
  A warmonger (D)
  A reaper (D)
  4 stone giants (D)
  An eye of devastation (D)
  5 draconian stormcallers (D)
  2 very ugly things (D)
  5 ironheart preservers (D)
  7 vampire knights (D)
  3 black draconians (D)
  3 deep elf demonologists (D)
  3 green draconians (D)
  2 red draconians (D)
  2 purple draconians (D)
  2 white draconians (D)
  2 deep elf annihilators (D)
  4 yellow draconians (D)
  A crystal guardian (D)
  7 merfolk javelineers (D)
  Snorg (D)
  An ettin (D)
  3 deep elf death magi (D)
  3 mummy priests (D)
  3 fire dragons (D)
  5 merfolk impalers (D)
  A green death (D)
  5 deep elf high priests (D)
  Josephine (D)
  A yaktaur captain (D)
  2 rakshasas (D)
  25 vault guards (D)
  Erolcha (D)
  2 centaur warriors (D)
  6 ice dragons (D)
  A ghost crab (D)
  4 great orbs of eyes (D)
  8 ogre magi (D)
  5 death oozes (D)
  2 merfolk aquamancers (D)
  9 hydras (D)
  A merfolk avatar (D)
  2 alligators (D)
  2 deep troll earth magi (D)
  5 two-headed ogres (D)
  4 deep troll shamans (D)
  A vampire mage (D)
  2 shock serpents (D)
  Nergalle (D)
  A goliath frog (D)
  2 wretched stars (D)
  A cherub (D)
  2 glowing orange brains (D)
  A flayed ghost (D)
  5 swamp dragons (D)
  An unseen horror (D)
  5 ironheart convokers (D)
  2 starcursed masses (D)
  2 orc knights (D)
  A lindwurm (shapeshifter) (D)
  5 wizards (D)
  A cyclops (D)
  A harpy (D)
  2 orb spiders (D)
  An orc sorcerer (D)
  A toenail golem (D)
  2 deep elf magi (D)
  5 moths of wrath (D)
  5 vault sentinels (D)
  4 naga magi (D)
  2 black mambas (D)
  4 guardian serpents (D)
  Joseph (D)
  3 cane toads (D)
  A hellion (D)
  2 komodo dragons (D)
  3 demonic crawlers (D)
  2 freezing wraiths (D)
  A yaktaur (D)
  An efreet (D)
  A tormentor (D)
  5 hellwings (D)
  18 guardian mummies (D)
  A troll (D)
  A wind drake (D)
  A wandering mushroom (D)
  A merfolk (D)
  A red devil (D)
  A meliai (D)
  2 jumping spiders (D)
  A slime creature (D)
  A tyrant leech (D)
  A blink frog (D)
  2 hippogriffs (D)
  A snapping turtle (D)
  Grum (D)
  A wraith (D)
  2 small abominations (D)
  6 redbacks (D)
  11 spriggans (D)
  Eustachio (D)
  3 neqoxecs (D)
  7 large abominations (D)
  A hungry ghost (D)
  2 vampire mosquitoes (D)
  2 nagas (D)
  4 wargs (D)
  An acid dragon (D)
  3 crocodiles (D)
  A hell hound (D)
  4 porcupines (D)
  3 water moccasins (D)
  3 floating eyes (D)
  2 swamp drakes (D)
  A black bear (D)
  An ice beast (D)
  11 orc warriors (D)
  4 ogres (D)
  A boggart (D)
  7 wolves (D)
  An ogre (shapeshifter) (D)
  A centaur (D)
  2 bullfrogs (D)
  A wight (D)
  2 orc priests (D)
  4 orc wizards (D)
  A worker ant (D)
  2 adders (D)
  A shadow imp (D)
  10 orcs (D)
  A bat skeleton (D)
  A giant cockroach (D)
  A goblin (D)
  A hobgoblin (D)
  A kobold (D)
  2 ball python skeletons (D)
  A jackal skeleton (D)
  A quokka simulacrum (D)
  A rat (D)
  6 ball lightnings (D)
  20 blocks of ice (D)
  7 fire vortices (D)
601 creatures vanquished.

Vanquished Creatures (collateral kills)
  A ball lightning (D)
  A block of ice (D)
2 creatures vanquished.

Vanquished Creatures (others)
  20 ball lightnings (D)
  176 blocks of ice (D)
  23 fire vortices (D)
219 creatures vanquished.

Grand Total: 822 creatures vanquished

Notes
Turn   | Place    | Note
-------+----------+-------------------------------------------
     0 | D        | Baz the Fairy Air Elementalist began the quest for the Orb.
     0 | D        | Reached XP level 1. HP: 11/11 MP: 6/6
    21 | D        | Noticed a centaur
    29 | D        | Reached XP level 2. HP: 10/17 MP: 8/8
    33 | D        | Reached skill level 5 in Air Magic
    38 | D        | Killed a centaur
    39 | D        | Reached XP level 3. HP: 6/21 MP: 9/11
    39 | D        | Reached XP level 4. HP: 8/27 MP: 9/12
   147 | D        | Learned a level 2 spell: Swiftness
   151 | D        | Learned a level 3 spell: Static Discharge
   155 | D        | Found a roughly hewn altar of Beogh.
   155 | D        | Found a snail-covered altar of Cheibriados.
   155 | D        | Found a shadowy altar of Dithmenos.
   155 | D        | Found a white marble altar of Elyvilon.
   155 | D        | Found a blossoming altar of Fedhas.
   155 | D        | Found an opulent altar of Gozag.
   156 | D        | Found a hazy altar of Hepliaklqana.
   157 | D        | Found a viscous altar of Jiyva.
   158 | D        | Found an ancient bone altar of Kikubaaqudgha.
   164 | D        | Learned a level 4 spell: Airstrike
   164 | D        | Found a corrupted altar of Lugonu.
   165 | D        | Found a burning altar of Makhleb.
   166 | D        | Found a sparkling altar of Nemelex Xobeh.
   167 | D        | Found an iron altar of Okawaru.
   168 | D        | Found a stormy altar of Qazlal.
   169 | D        | Found a sacrificial altar of Ru.
   170 | D        | Found a shimmering blue altar of Sif Muna.
   171 | D        | Found a bloodstained altar of Trog.
   172 | D        | Found a hide-covered altar of Uskayaw.
   173 | D        | Found a radiant altar of Vehumet.
   174 | D        | Found an ornate altar of the Wu Jian Council.
   175 | D        | Found a shimmering altar of Xom.
   176 | D        | Found a basalt altar of Yredelemnul.
   177 | D        | Found a glowing silver altar of Zin.
   178 | D        | Found a glowing golden altar of the Shining One.
   181 | D        | Became a worshipper of Vehumet
   196 | D        | Got the +3 war axe "Weofa" {antimagic, rPois rN+ MR+ Int+3}
   196 | D        | Got the +2 rapier "Mirchighi" {vamp, Str+6 Int-3}
   243 | D        | Noticed a hungry ghost
   243 | D        | Noticed a bullfrog
   243 | D        | Noticed a black bear
   247 | D        | Reached skill level 5 in Spellcasting
   251 | D        | Reached * piety under Vehumet
   251 | D        | Offered knowledge of Freeze by Vehumet.
   252 | D        | Killed a black bear
   253 | D        | Reached XP level 5. HP: 13/31 MP: 15/15
   253 | D        | Killed a bullfrog
   254 | D        | Reached XP level 6. HP: 15/36 MP: 17/17
   260 | D        | Killed a hungry ghost
   260 | D        | Reached ** piety under Vehumet
   261 | D        | Reached skill level 5 in Stealth
   261 | D        | Reached skill level 10 in Air Magic
   372 | D        | Learned a level 5 spell: Lightning Bolt
   374 | D        | Learned a level 1 spell: Freeze
   380 | D        | Noticed a freezing wraith
   383 | D        | Offered knowledge of Throw Frost by Vehumet.
   384 | D        | Reached skill level 5 in Conjurations
   384 | D        | Reached skill level 1 in Charms
   384 | D        | Reached XP level 7. HP: 29/45 MP: 20/20
   385 | D        | Reached *** piety under Vehumet
   386 | D        | Killed an unseen horror
   387 | D        | Reached skill level 5 in Fighting
   387 | D        | Reached XP level 8. HP: 36/56 MP: 14/23
   387 | D        | Killed a freezing wraith
   561 | D        | Noticed an eight-headed hydra
   561 | D        | Noticed a komodo dragon
   561 | D        | Noticed a cane toad
   562 | D        | Offered knowledge of Iskenderun's Mystic Blast by Vehumet.
   563 | D        | Reached skill level 10 in Spellcasting
   563 | D        | Reached **** piety under Vehumet
   564 | D        | Reached skill level 10 in Conjurations
   564 | D        | Reached skill level 5 in Charms
   566 | D        | Killed an eight-headed hydra
   567 | D        | Reached XP level 9. HP: 35/66 MP: 23/25
   567 | D        | Killed a cane toad
   567 | D        | Killed a komodo dragon
   567 | D        | Reached ***** piety under Vehumet
   659 | D        | Noticed a komodo dragon
   660 | D        | Noticed a five-headed hydra
   661 | D        | Reached XP level 10. HP: 74/74 MP: 27/27
   661 | D        | Noticed an alligator
   663 | D        | Killed a five-headed hydra
   663 | D        | Reached ****** piety under Vehumet
   663 | D        | Killed an alligator
   663 | D        | Noticed a six-headed hydra
   664 | D        | Reached skill level 10 in Fighting
   667 | D        | Killed a six-headed hydra
   700 | D        | Offered knowledge of Sticky Flame by Vehumet.
   701 | D        | Reached skill level 15 in Conjurations
   702 | D        | Reached XP level 11. HP: 83/83 MP: 29/29
   754 | D        | Learned a level 4 spell: Sticky Flame
   795 | D        | Noticed Joseph
   798 | D        | Killed Joseph
   798 | D        | Offered knowledge of Throw Icicle by Vehumet.
   799 | D        | Reached skill level 1 in Fire Magic
   799 | D        | Reached skill level 1 in Ice Magic
   831 | D        | Noticed Erolcha
   834 | D        | Killed Erolcha
   908 | D        | Noticed an orc knight
   908 | D        | Noticed a stone giant
   912 | D        | Killed an orc knight
   914 | D        | Killed a stone giant
   915 | D        | Reached skill level 5 in Fire Magic
   915 | D        | Reached skill level 5 in Ice Magic
   918 | D        | Noticed a stone giant
   927 | D        | Killed a stone giant
  1125 | D        | Noticed an orc sorcerer
  1126 | D        | Offered knowledge of Ozocubu's Refrigeration by Vehumet.
  1130 | D        | Killed an orc sorcerer
  1133 | D        | Noticed an orc knight
  1156 | D        | Killed an orc knight
  1175 | D        | Learned a level 6 spell: Ozocubu's Refrigeration
  1198 | D        | Offered knowledge of Conjure Ball Lightning by Vehumet.
  1206 | D        | Learned a level 6 spell: Conjure Ball Lightning
  1329 | D        | Found Roamatt's Antique Armour Boutique.
  1329 | D        | Noticed a two-headed ogre
  1329 | D        | Noticed an ogre mage
  1329 | D        | Noticed a two-headed ogre
  1331 | D        | Killed an ogre mage
  1331 | D        | Killed a two-headed ogre
  1331 | D        | Noticed an ogre mage
  1332 | D        | Reached XP level 12. HP: 96/96 MP: 32/32
  1333 | D        | Killed a two-headed ogre
  1333 | D        | Killed an ogre mage
  1333 | D        | Noticed an ogre mage
  1334 | D        | Reached skill level 15 in Spellcasting
  1334 | D        | Reached skill level 10 in Ice Magic
  1334 | D        | Noticed a two-headed ogre
  1337 | D        | Found Mahat's Food Shop.
  1337 | D        | Noticed a two-headed ogre
  1338 | D        | Killed a two-headed ogre
  1338 | D        | Offered knowledge of Bolt of Cold by Vehumet.
  1338 | D        | Killed an ogre mage
  1340 | D        | Killed a two-headed ogre
  1342 | D        | Found Ulutenk's Book Boutique.
  1345 | D        | Found Gaih's Food Shop.
  1345 | D        | Noticed an ogre mage
  1350 | D        | Killed an ogre mage
  1355 | D        | Noticed an ogre mage
  1356 | D        | Noticed a two-headed ogre
  1358 | D        | Killed an ogre mage
  1391 | D        | Killed a two-headed ogre
  1574 | D        | Bought a glowing helmet for 135 gold pieces
  1594 | D        | Bought a book of Dreams for 750 gold pieces
  1601 | D        | Learned a level 6 spell: Bolt of Cold
  1656 | D        | Noticed Grum
  1661 | D        | Killed Grum
  1661 | D        | Offered knowledge of Freezing Cloud by Vehumet.
  1712 | D        | Noticed Eustachio
  1716 | D        | Killed Eustachio
  1772 | D        | Got the +8 trident "Womiloj" {pierce, +Inv MR+++ Str-5
                  | Int+5}
  1895 | D        | Learned a level 6 spell: Freezing Cloud
  1897 | D        | Noticed a centaur warrior
  1897 | D        | Noticed an ogre mage
  1897 | D        | Noticed an ogre mage
  1900 | D        | Killed an ogre mage
  1901 | D        | Killed a centaur warrior
  1901 | D        | Killed an ogre mage
  1902 | D        | Reached skill level 15 in Fighting
  1904 | D        | Offered knowledge of Mana Rupture by Vehumet.
  1907 | D        | Noticed a centaur warrior
  1908 | D        | Reached XP level 13. HP: 91/103 MP: 35/36
  1915 | D        | Noticed a fire dragon
  1918 | D        | Killed a fire dragon
  1923 | D        | Noticed a deep elf high priest
  1926 | D        | Killed a deep elf high priest
  1937 | D        | Noticed a vampire knight
  1940 | D        | Killed a vampire knight
  1941 | D        | Reached skill level 15 in Ice Magic
  1998 | D        | Noticed a sphinx
  2002 | D        | Paralysed by a sphinx for 3 turns
  2005 | D        | Killed a sphinx
  2028 | D        | Learned a level 7 spell: Mana Rupture
  2086 | D        | Noticed Snorg
  2086 | D        | Noticed Agnes
  2089 | D        | Killed Snorg
  2089 | D        | Offered knowledge of Bolt of Fire by Vehumet.
  2090 | D        | Killed Agnes
  2273 | D        | Noticed Saint Roka
  2277 | D        | Killed Saint Roka
  2373 | D        | Noticed Frances
  2383 | D        | Killed Frances
  2383 | D        | Offered knowledge of Iron Shot by Vehumet.
  2384 | D        | Reached skill level 10 in Dodging
  2458 | D        | Noticed Nergalle
  2461 | D        | Killed Nergalle
  2518 | D        | Killed a ghost moth
  2519 | D        | Reached XP level 14. HP: 84/112 MP: 19/39
  2524 | D        | Lost strength.
  2527 | D        | Killed a ghost moth
  2636 | D        | Killed a ghost moth
  2637 | D        | Reached skill level 10 in Fire Magic
  2790 | D        | Noticed a thorn hunter
  2793 | D        | Offered knowledge of Fire Storm by Vehumet.
  2793 | D        | Offered knowledge of Glaciate by Vehumet.
  2793 | D        | Offered knowledge of Chain Lightning by Vehumet.
  2795 | D        | Killed a thorn hunter
  3019 | D        | Learned a level 8 spell: Glaciate
  3324 | D        | Noticed Josephine
  3326 | D        | Killed Josephine
  3426 | D        | Noticed a stone giant
  3426 | D        | Noticed a fire giant
  3428 | D        | Killed a stone giant
  3428 | D        | Killed a fire giant
  3429 | D        | Noticed a fire giant
  3431 | D        | Killed a fire giant
  3458 | D        | Reached XP level 15. HP: 110/122 MP: 27/42
  3459 | D        | Noticed a fire giant
  3462 | D        | Killed a fire giant
  3592 | D        | Learned a level 8 spell: Chain Lightning
  3612 | D        | Noticed an orc warlord
  3615 | D        | Noticed a fire giant
  3619 | D        | Killed an orc warlord
  3624 | D        | Killed a fire giant
  3649 | D        | Noticed a vault warden
  3755 | D        | Killed a vault warden
  4119 | D        | Noticed a tengu reaver
  4120 | D        | Noticed a tengu reaver
  4121 | D        | Noticed Sojobo
  4123 | D        | Killed a tengu reaver
  4123 | D        | Killed a tengu reaver
  4124 | D        | Reached skill level 15 in Dodging
  4125 | D        | Killed Sojobo
  4365 | D        | Noticed Mara
  4369 | D        | Killed Mara
  4370 | D        | Reached XP level 16. HP: 132/132 MP: 30/45
  4460 | D        | Reached skill level 15 in Air Magic
  4533 | D        | Got a gossamer rune of Zot
  4696 | D        | Got a decaying rune of Zot
  4704 | D        | Noticed Ilsuiw
  4708 | D        | Killed Ilsuiw
  4760 | D        | Got a barnacled rune of Zot
  4769 | D        | Noticed a nagaraja
  4769 | D        | Noticed a nagaraja
  4769 | D        | Noticed a nagaraja
  4770 | D        | Noticed a nagaraja
  4771 | D        | Killed a nagaraja
  4771 | D        | Killed a nagaraja
  4772 | D        | Noticed a nagaraja
  4773 | D        | Killed a nagaraja
  4779 | D        | Killed a nagaraja
  4779 | D        | Noticed a nagaraja
  4784 | D        | Killed a nagaraja
  4787 | D        | Killed a nagaraja
  4788 | D        | Reached XP level 17. HP: 74/142 MP: 39/48
  4911 | D        | Got a serpentine rune of Zot
  4934 | D        | Noticed Frederick
  4939 | D        | Killed Frederick
  5375 | D        | Reached skill level 27 in Spellcasting
  5676 | D        | Found the +7 mace of Variability {chain chaos}
  5677 | D        | Reached skill level 15 in Fire Magic
  5679 | D        | Reached skill level 27 in Conjurations
  5695 | D        | Noticed a tentacled monstrosity
  5697 | D        | Identified the +5 morningstar of the End {crush, Dex+4}
  5698 | D        | Killed a tentacled monstrosity
  5709 | D        | Reached XP level 18. HP: 153/153 MP: 21/51
  5769 | D        | Got a silver rune of Zot
  5802 | D        | Noticed Nikola
  5803 | D        | Noticed Xtahua
  5805 | D        | Killed Nikola
  5809 | D        | Killed Xtahua
  5810 | D        | Found the +6 fire dragon scales of Xtahua {rF+++ rC- MR+}
  6019 | D        | Noticed Boris
  6025 | D        | Killed Boris
  6095 | D        | Got the ring of Sogroz {rElec rPois rC+ Slay+3}
  6097 | D        | Got the ring of Omuaf {rC+++ MR- Str-5 SInv}
  6099 | D        | Got the amulet "Jiubu" {Gourm +Fly Dex+2}
  6101 | D        | Got the amulet "Lixefukh" {Gourm rF- Str+4 Int+5 Slay+2}
  6103 | D        | Got the amulet "Puzuoh" {RegenMP rF+}
  6107 | D        | Found the +13 scythe of Curses {drain, *Curse}
  6109 | D        | Got the +5 demon whip "Wablyor" {elec, MP+9}
  6114 | D        | Got the +5 demon whip "Weroteiw" {elec, rF+ Int+7}
  6119 | D        | Found the +9 scales of the Dragon King {rPois rF+ rC+ MR+}
  6238 | D        | Learned a level 9 spell: Fire Storm
  6309 | D        | Noticed Mennas
  6312 | D        | Killed Mennas
  6363 | D        | Noticed a quicksilver dragon
  6365 | D        | Noticed a titan
  6367 | D        | Killed a quicksilver dragon
  6370 | D        | Killed a titan
  6371 | D        | Reached skill level 27 in Dodging
  6461 | D        | Noticed a bone dragon
  6465 | D        | Killed a bone dragon
  6469 | D        | Noticed a bone dragon
  6477 | D        | Killed a bone dragon
  6561 | D        | Noticed a tentacled monstrosity
  6561 | D        | Noticed a golden dragon
  6561 | D        | Noticed a rockslime
  6562 | D        | Noticed a tentacled monstrosity
  6563 | D        | Killed a rockslime
  6564 | D        | Reached XP level 19. HP: 169/169 MP: 52/52
  6564 | D        | Killed a golden dragon
  6564 | D        | Killed a tentacled monstrosity
  6565 | D        | Reached skill level 27 in Fighting
  6570 | D        | Noticed a tentacled monstrosity
  6571 | D        | Killed a tentacled monstrosity
  6572 | D        | Reached skill level 27 in Fire Magic
  6576 | D        | Killed a tentacled monstrosity
  6615 | D        | Noticed a golden dragon
  6621 | D        | Killed a golden dragon
  6638 | D        | Reached skill level 10 in Evocations
  6708 | D        | Noticed an orb of fire
  6708 | D        | Noticed a tentacled monstrosity
  6710 | D        | Noticed a rockslime
  6710 | D        | Killed a tentacled monstrosity
  6713 | D        | Killed an orb of fire
  6715 | D        | Killed a rockslime
  6838 | D        | Noticed an Orb Guardian
  6838 | D        | Noticed an Orb Guardian
  6838 | D        | Noticed an Orb Guardian
  6838 | D        | Noticed an Orb Guardian
  6838 | D        | Noticed an Orb Guardian
  6838 | D        | Noticed an Orb Guardian
  6840 | D        | Killed an Orb Guardian
  6840 | D        | Killed an Orb Guardian
  6840 | D        | Killed an Orb Guardian
  6840 | D        | Killed an Orb Guardian
  6840 | D        | Killed an Orb Guardian
  6841 | D        | Noticed an Orb Guardian
  6846 | D        | Killed an Orb Guardian
  6846 | D        | Killed an Orb Guardian
  6847 | D        | Reached XP level 20. HP: 173/177 MP: 53/53
  6902 | D        | Reached skill level 27 in Ice Magic
  6939 | D        | Learned a level 6 spell: Deflect Missiles
  6940 | D        | Noticed an ancient lich
  6942 | D        | Killed an ancient lich
  6943 | D        | Reached skill level 27 in Air Magic
  6957 | D        | Noticed an orb of fire
  6957 | D        | Gained mutation: Scrolls take you a little longer to read.
                  | [an orb of fire]
  6958 | D        | Noticed an electric golem
  6959 | D        | Gained mutation: You are clumsy. (Dex -2) [an orb of fire]
  6960 | D        | Killed an orb of fire
  6961 | D        | Killed an electric golem
  7040 | D        | Noticed an electric golem
  7040 | D        | Noticed an electric golem
  7040 | D        | Noticed an orb of fire
  7040 | D        | Noticed an orb of fire
  7040 | D        | Noticed an ancient lich
  7043 | D        | Killed an ancient lich
  7043 | D        | Noticed an orb of fire
  7044 | D        | Killed an electric golem
  7044 | D        | Killed an orb of fire
  7044 | D        | Killed an orb of fire
  7045 | D        | Reached skill level 27 in Evocations
  7045 | D        | Reached skill level 10 in Charms
  7046 | D        | Killed an electric golem
  7047 | D        | Killed an orb of fire
  7049 | D        | Noticed an electric golem
  7050 | D        | Reached skill level 10 in Hexes
  7051 | D        | Reached XP level 21. HP: 103/183 MP: 37/54
  7053 | D        | Killed an electric golem
  7053 | D        | Noticed an electric golem
  7056 | D        | Noticed a Killer Klown
  7058 | D        | Noticed a curse toe
  7059 | D        | Killed an electric golem
  7059 | D        | Killed a Killer Klown
  7379 | D        | Killed a curse toe
  7413 | D        | Reached skill level 15 in Hexes
  7627 | D        | Noticed an ancient lich
  7744 | D        | Killed an ancient lich
  7820 | D        | Reached skill level 1 in Unarmed Combat
  7898 | D        | Reached skill level 5 in Unarmed Combat
  7950 | D        | Reached XP level 22. HP: 190/190 MP: 52/55
  7997 | D        | Noticed the Royal Jelly
  8001 | D        | Reached skill level 10 in Stealth
  8003 | D        | Killed the Royal Jelly
  8072 | D        | Got a slimy rune of Zot
  8407 | D        | Noticed a greater mummy
  8409 | D        | Reached skill level 15 in Unarmed Combat
  8410 | D        | Killed a greater mummy
  8411 | D        | Reached skill level 15 in Stealth
  8478 | D        | Noticed a greater mummy
  8478 | D        | Noticed a greater mummy
  8478 | D        | Noticed a greater mummy
  8481 | D        | Killed a greater mummy
  8482 | D        | Killed a greater mummy
  8482 | D        | Killed a greater mummy
  8483 | D        | Reached skill level 27 in Charms
  8483 | D        | Noticed a greater mummy
  8484 | D        | Noticed a greater mummy
  8487 | D        | Killed a greater mummy
  8487 | D        | Killed a greater mummy
  8488 | D        | Reached skill level 27 in Hexes
  8488 | D        | Reached XP level 23. HP: 95/197 MP: 21/56
  8488 | D        | Noticed a greater mummy
  8685 | D        | Killed a greater mummy
  8716 | D        | Got a golden rune of Zot
  8769 | D        | Got an abyssal rune of Zot
  8993 | D        | Noticed Geryon
  8997 | D        | Killed Geryon
  9018 | D        | Noticed Mnoleg
  9020 | D        | Noticed Gloorx Vloq
  9022 | D        | Killed Mnoleg
  9027 | D        | Killed Gloorx Vloq
  9027 | D        | Identified the +4 staff of Dispater
  9027 | D        | Noticed Dispater
  9272 | D        | Killed Dispater
  9393 | D        | Identified the +7 sceptre of Asmodeus
  9393 | D        | Noticed Asmodeus
  9395 | D        | Identified the +6 sword of Cerebov {flame}
  9395 | D        | Noticed Cerebov
  9396 | D        | Noticed Lom Lobon
  9402 | D        | Killed Asmodeus
  9406 | D        | Killed Cerebov
  9407 | D        | Reached XP level 24. HP: 33/204 MP: 31/56
  9748 | D        | Killed Lom Lobon
  9930 | D        | Got a glowing rune of Zot
  9934 | D        | Got a dark rune of Zot
  9938 | D        | Got a fiery rune of Zot
  9942 | D        | Got an iron rune of Zot
  9944 | D        | Noticed Ereshkigal
  9952 | D        | Killed Ereshkigal
  9953 | D        | Reached skill level 27 in Unarmed Combat
  9954 | D        | Got a magical rune of Zot
  9955 | D        | Noticed Antaeus
 10014 | D        | Killed Antaeus
 10015 | D        | Reached skill level 27 in Stealth
 10103 | D        | Got an obsidian rune of Zot
 10107 | D        | Got a bone rune of Zot
 10111 | D        | Got an icy rune of Zot
 10417 | D        | Got an elven rune of Zot
 10532 | D        | Got the Orb of Zot
 11084 | D        | Reached skill level 10 in Maces & Flails
 11569 | D        | Noticed Ojoe the pandemonium lord
 11572 | D        | Killed Ojoe the pandemonium lord
 11671 | D        | Noticed Roshos the pandemonium lord
 11672 | D        | Killed Roshos the pandemonium lord
 11673 | D        | Reached skill level 15 in Maces & Flails
 12235 | D        | Escaped with the Orb!

Skill      XL: |  1  2  3  4  5  6  7  8  9 10 11 12 13 14 15 16 17 18 19 20 21 22 23 24 |
---------------+-------------------------------------------------------------------------+-----
Dodging        | 3 6 7 8 9 10 12 16 20 24 27 | 27.0
Air Magic      | 4 7 9 10 14 18 19 24 27 | 27.0
Stealth        | 2 3 4 5 8 17 24 27 | 27.0
Spellcasting   | 3 4 6 8 9 10 11 12 14 17 19 21 23 25 27 | 27.0
Conjurations   | 2 3 5 8 11 12 15 16 18 20 22 24 27 | 27.0
Fighting       | 2 5 8 9 11 14 15 16 17 19 21 23 26 27 | 27.0
Charms         | 1 4 6 7 9 14 23 27 | 27.0
Fire Magic     | 7 9 10 16 25 27 | 27.0
Ice Magic      | 9 13 16 20 25 27 | 27.0
Evocations     | 16 27 | 27.0
Hexes          | 11 22 27 | 27.0
Unarmed Combat | 7 17 26 27 | 27.0
Throwing       | 12 | 12.1
Maces & Flails | 18 | 18.5

Action                   |  1- 3 |  4- 6 |  7- 9 | 10-12 | 13-15 | 16-18 | 19-21 | 22-24 || total
-------------------------+-------+-------+-------+-------+-------+-------+-------+-------++-------
Melee: Staff             |       |       |       |       |    10 |       |       |       ||    10
       Trident           |       |       |       |       |     2 |       |       |       ||     2
       Demon whip        |       |       |       |       |       |       |     6 |    67 ||    73
       Punch             |       |       |       |       |       |       |       |     5 ||     5
 Cast: Shock             |    15 |     8 |       |       |       |       |     1 |     1 ||    25
       Static Discharge  |       |     7 |       |       |       |       |       |       ||     7
       Lightning Bolt    |       |     2 |    12 |    74 |    19 |     1 |     2 |       ||   110
       Swiftness         |       |     1 |       |       |       |       |       |       ||     1
       Airstrike         |       |     1 |       |       |       |       |       |       ||     1
       Conjure Ball Ligh |       |       |       |     4 |     3 |       |       |       ||     7
       Ozocubu's Refrige |       |       |       |     2 |     3 |       |       |       ||     5
       Freezing Cloud    |       |       |       |     1 |    10 |     1 |       |       ||    12
       Bolt of Cold      |       |       |       |       |    38 |     1 |       |     6 ||    45
       Glaciate          |       |       |       |       |    44 |   127 |   103 |   105 ||   379
       Mana Rupture      |       |       |       |       |     1 |       |       |     2 ||     3
       Deflect Missiles  |       |       |       |       |       |       |     1 |       ||     1
       Fire Storm        |       |       |       |       |       |       |     4 |    39 ||    43
       Chain Lightning   |       |       |       |       |       |       |       |     3 ||     3
  Use: Potion            |     2 |       |       |       |     6 |     2 |       |     8 ||    18
       Scroll            |       |       |       |     3 |     1 |       |       |     1 ||     5
 Stab: Distracted        |       |       |       |       |     1 |       |       |       ||     1
  Eat: Chunk             |       |       |       |     4 |     9 |     6 |     2 |     3 ||    24
       Ration            |       |       |       |       |     1 |       |     1 |     4 ||     6
Armor: Skin              |     2 |     1 |     3 |       |    30 |     1 |       |    25 ||    62
Dodge: Dodged            |    18 |    18 |     3 |    14 |    42 |    18 |    27 |    47 ||   187
       Deflected         |       |       |       |       |       |       |       |     9 ||     9
Block: Other             |     2 |     4 |       |     4 |    15 |     1 |     2 |    22 ||    50
